 Dungeon Crawl Stone Soup version 0.30-a0-651-g0755cc6dcf (webtiles) character file.

Game seed: 15906379431043620443

35 Decipherer the Trooper (level 3, -4/24 HPs)
             Began as a Gargoyle Berserker on Jan 18, 2023.
             Was a Follower of Trog.
             Killed from afar by Ijyb (7 damage)
             ... with a puff of flame
             ... on level 3 of the Dungeon.
             The game lasted 00:01:07 (1368 turns).

Decipherer the Trooper (Gargoyle Berserker)         Turns: 1368, Time: 00:01:07

Health: -4/24      AC:  6    Str: 22    XL:     3   Next: 35%
Magic:  3/3        EV: 12    Int:  7    God:    Trog [*.....]
Gold:   131        SH:  0    Dex:  9    Spells: 2/2 levels left

rFire   . . .      SeeInvis .    a - +0 spear
rCold   . . .      Faith    .    (no shield)
rNeg    + . .      Spirit   .    b - +0 animal skin
rPois   ∞          Reflect  .    (no helmet)
rElec   +          Harm     .    d - +0 cloak
rCorr   .          Rampage  .    (no gloves)
Will    .....                    (no boots)
Stlth   +                        (no amulet)
HPRegen 0.24/turn                (no ring)
MPRegen 0.08/turn                (no ring)

@: on berserk cooldown, slowed, very slow
A: sickness immunity, AC +3, negative energy resistance 1, electricity
resistance, torment resistance 1, petrification resistance
a: Renounce Religion, Berserk


You were on level 3 of the Dungeon.
You worshipped Trog.
Trog was aware of your devotion.
You visited 1 branch of the dungeon, and saw 3 of its levels.

You collected 131 gold pieces.

Inventory:

Hand Weapons
 a - a +0 spear (weapon)
Missiles
 j - 6 poisoned darts
Armour
 b - a +0 animal skin (worn)
 d - a +0 cloak (worn)
Jewellery
 m - a +6 ring of dexterity
Wands
 i - a wand of quicksilver (9)
Scrolls
 c - 2 scrolls of magic mapping {unknown}
 e - 6 scrolls of identify {unknown}
 f - a scroll of silence {unknown}
 g - 2 scrolls of fear {unknown}
 h - a scroll of blinking {unknown}
 k - a scroll of noise {unknown}
 l - a scroll of fog {unknown}


   Skills:
 + Level 3.8 Fighting
 + Level 3.2 Polearms
 + Level 2.4 Armour
 + Level 2.0 Dodging
 + Level 0.2 Stealth


You had 2 spell levels left.
You didn't know any spells.
Your spell library contained the following spells:

 Spells                   Type           Power      Damage    Failure   Level
 Stone Arrow              Conj/Erth      0%         3d7       80%         3
 Petrify                  Tmut/Erth      0%         N/A       99%         4
 Lee's Rapid Deconstruct  Erth           0%         3d4*      100%        5
 Dragon Form              Tmut           0%         N/A       100%        7


Dungeon Overview and Level Annotations

Branches:
Dungeon (3/15)

Altars:
Ru

Annotations:
D:3 Ijyb


Innate Abilities, Weirdness & Mutations

You are immune to sickness and miasma.
Your stone body is resilient. (AC +3)
You are immune to poison.
You resist negative energy. (rN+)
You are resistant to electric shocks. (rElec)
You are resistant to unholy torment.
You are immune to petrification.


Message History

Ijyb is heavily wounded.
Ijyb hits you but does no damage.
You closely miss Ijyb.
Ijyb is heavily wounded.
You hit Ijyb but do no damage.
Ijyb is heavily wounded.
Ijyb screams, "It's all mine!"
Ijyb closely misses you.
You hit Ijyb.
Ijyb is heavily wounded.
You hit Ijyb.
Ijyb is heavily wounded.
Ijyb barely misses you.
You hit Ijyb but do no damage.
Ijyb is heavily wounded.
Ijyb hits you with a +0 dagger.
* * * LOW HITPOINT WARNING * * *
A kobold comes into view. It is wielding a +0 dagger.
You hit Ijyb.
Ijyb is severely wounded.
You hit Ijyb.
Ijyb is almost dead.
Ijyb hits you but does no damage.
You barely miss Ijyb.
Ijyb is almost dead.
You are no longer berserk.
You are exhausted.
You feel yourself slow down.
You hit Ijyb but do no damage.
Ijyb is almost dead.
Ijyb closely misses you. Ijyb barely misses you.
You hit Ijyb but do no damage.
Ijyb is almost dead.
Ijyb misses you.
You hit Ijyb but do no damage.
Ijyb is almost dead.
Ijyb barely misses you. The kobold hits you with a +0 dagger.
* * * LOW HITPOINT WARNING * * *
Ijyb zaps a wand.
The puff of flame hits you!
You die...

>........#
####..
#.#####..######
#.. #.
####......)#
#.. #.
#.....####.#
##.
#.##.......# .
#.......##.#
#.......# .#
###..#..#......
#...@K......###
#.#.g####..##
#..< [..#
..>... .$.#
##.##### ... #.
.. #. #.


You could see Ijyb and a kobold.

Vanquished Creatures
  2 dart slugs
  3 bats
  An endoplasm (D:3)
  3 hobgoblins
  3 jackals (D:1)
  8 ball pythons
  2 frilled lizards (D:1)
  2 goblins (D:1)
  2 kobolds
  4 rats
30 creatures vanquished.

Notes
Turn   | Place    | Note
-------+----------+-------------------------------------------
     0 | D:1      | Decipherer the Gargoyle Berserker began the quest for the
                  | Orb.
     0 | D:1      | Reached XP level 1. HP: 14/14 MP: 1/1
    78 | D:1      | Reached XP level 2. HP: 9/19 MP: 2/2
   375 | D:1      | Got the Spellbook of Felsic Metamorphosis
   497 | D:1      | Reached XP level 3. HP: 21/24 MP: 3/3
  1306 | D:3      | Reached ** piety under Trog
  1313 | D:3      | Found a sacrificial altar of Ru.
  1336 | D:3      | Noticed Ijyb
  1368 | D:3      | Killed from afar by Ijyb

Illustrated notes

Levels and vault maps discovered:
D:1:      doesnt_arrival_eight_statues, layout_basic, serial_glass,
          glass_columns_b, glass_columns_a, glass_columns_b, grunt_decor_cap
D:2:      layout_loops_cross, hangedman_decor_clover_reticule
D:3:      layout_loops_cross, mainiacjoe_overflow_chevrons, uniq_ijyb,
          uniq_crazy_yiuf_cottage

Skill      XL: |  1  2  3 |
---------------+----------+-----
Polearms       | 3 |  3.2
Dodging        | 2 |  2.0
Fighting       | |  3.8
Armour         | |  2.4
Stealth        | |  0.2

Action                   || total
-------------------------++-------
Melee: Spear             ||   140
Invok: Berserk           ||     2
Armor: Animal skin       ||    38
Dodge: Dodged            ||    82

Table legend: (Time is in decaauts)
 A = Elapsed time spent in this place.
 B = Non-inter-level travel time spent in this place.
 C = Inter-level travel time spent in this place.
 D = Time resting spent in this place.
 E = Time spent auto-exploring this place.
 F = Levels seen in this place.
 G = Mean time per level.
                   A        B        C        D        E       F      G
               +--------+--------+--------+--------+--------+-----+--------+
         Total |   1365 |   1310 |     55 |      0 |   1073 |   3 |  455.0 |
       Dungeon |   1365 |   1310 |     55 |      0 |   1073 |   3 |  455.0 |
               +--------+--------+--------+--------+--------+-----+--------+

Top non-repeatable levels by time:
     D:1: 709 daAuts
     D:2: 569 daAuts
     D:3: 86 daAuts
